 Dungeon Crawl Stone Soup version 0.22.0-16-gc6d26f69f9 (webtiles) character file.

35 Flugkiller the Ducker (level 3, -9/27 HPs)
             Began as a Merfolk Earth Elementalist on Aug 17, 2018.
             Killed by nerve-wracking pain
             ... invoked by Jessica
              (11 damage)
             ... on level 2 of the Dungeon.
             The game lasted 00:13:50 (2218 turns).

Flugkiller the Ducker (Merfolk Earth Elementalist)  Turns: 2218, Time: 00:13:51

Health: -9/27      AC:  7    Str:  9    XL:     3   Next: 35%
Magic:  6/6        EV: 11    Int: 14    God:
Gold:   49         SH:  0    Dex: 14    Spells: 5/6 levels left

rFire    . . .     SeeInvis .   l - +1 short sword
rCold    . . .     Gourm    .   (no shield)
rNeg     . . .     Faith    .   f - +0 ring mail
rPois    .         Spirit   .   j - +0 helmet
rElec    .         Reflect  .   k - +0 cloak
rCorr    .         Harm     .   (no gloves)
MR       .....                  (no boots)
Stlth    +.........             (no amulet)
HPRegen  0.09/turn              (no ring)
MPRegen  0.10/turn              (no ring)

@: no status effects
A: change form in water, swift swim, stealthy swim
a: no special abilities


You were on level 2 of the Dungeon.
You were not hungry.

You visited 1 branch of the dungeon, and saw 2 of its levels.

You collected 49 gold pieces.

Inventory:

Hand Weapons
 l - a +1 short sword (weapon)
Missiles
 b - 88 stones (quivered)
Armour
 c - a +0 robe
 f - a +0 ring mail (worn)
 h - a +0 shield
 j - a +0 helmet (worn)
 k - a +0 cloak (worn)
Scrolls
 e - a scroll of amnesia {unknown}
 g - 2 scrolls of enchant weapon
 i - 2 scrolls of remove curse
 m - a scroll of identify {unknown}
 n - a scroll of random uselessness {unknown}
 o - 2 scrolls of teleportation {unknown}
Potions
 a - 2 potions of curing {unknown}
Comestibles
 d - 4 chunks of flesh


   Skills:
 + Level 2.1 Fighting
 + Level 4.0 Dodging
 - Level 2.1 Stealth
 - Level 2.0 Spellcasting
   Level 1.3 Transmutations
 - Level 2.4 Earth Magic


You had 5 spell levels left.
You knew the following spells:

 Your Spells              Type           Power        Failure   Level  Hunger
a - Sandblast             Erth           #.....       26%         1    ##.....

Your spell library contained the following spells:

 Spells                   Type           Power        Failure   Level  Hunger
 Stone Arrow              Conj/Erth      #.....       77%         3    ####...
 Passwall                 Tmut/Erth      #.......     43%         2    ###....
 Lee's Rapid Deconstruct  Erth           #.........   100%        5    ######.
 Petrify                  Tmut/Erth      #.......     97%         4    #####..


Dungeon Overview and Level Annotations

Branches:
Dungeon (2/15)

Altars:

Annotations:
D:2 Jessica


Message History

Your ring mail prevents you from hitting Jessica.
Jessica hits you but does no damage.
You closely miss Jessica. Jessica hits you but does no damage.
You barely miss Jessica. Jessica hits you but does no damage.
You barely miss Jessica.
Jessica mumbles something strange.
Jessica points at you and mumbles some strange words.
Pain shoots through your body!
You are too injured to fight recklessly!
You are too injured to fight recklessly!
You hit Jessica but do no damage.
Jessica gestures wildly.
Jessica casts a spell at you. Pain shoots through your body!
* * * LOW HITPOINT WARNING * * *
You hit Jessica.
Jessica is moderately wounded.
Jessica points at you and mumbles some strange words.
Pain shoots through your body!
You die...

........).....#
######....รท...#
# #.######.# #.#
#.# #.# ####.#
#.# #....# #.#
#.#### #.#
#.##########.#
#.#
#..[...@@....#
#.#
##############
#.# #<# #)# #.#
#.# #.# #.# #.#
#.# #.# #.# #.#
#.# #)#


You could see Jessica.

Vanquished Creatures
  Robin (D:1)
  A worm (D:2)
  A leopard gecko (D:1)
  A giant cockroach (D:2)
  6 goblins
  3 hobgoblins
  A ball python (D:1)
  6 rats
20 creatures vanquished.

Notes
Turn   | Place    | Note
-------+----------+-------------------------------------------
     0 | D:1      | Flugkiller the Merfolk Earth Elementalist began the quest for the Orb.
     0 | D:1      | Reached XP level 1. HP: 13/13 MP: 3/3
     6 | D:1      | Noticed a black bear
     6 | D:1      | Noticed a hog
     6 | D:1      | Noticed a water moccasin
     7 | D:1      | Noticed a swamp drake
   273 | D:1      | Reached skill level 3 in Dodging
   433 | D:1      | Reached skill level 1 in Fighting
   557 | D:1      | Reached XP level 2. HP: 21/21 MP: 5/5
  1201 | D:2      | HP: 1/21 [worm (3)]
  1946 | D:2      | Noticed Robin
  2135 | D:1      | Killed Robin
  2135 | D:1      | Reached XP level 3. HP: 24/27 MP: 6/6
  2194 | D:2      | Reached skill level 4 in Dodging
  2208 | D:2      | Noticed Jessica
  2218 | D:2      | Killed from afar by Jessica

Skill      XL: |  1  2  3 |
---------------+----------+-----
Dodging        | 3 4 |  4.0
Fighting       | 1 2 |  2.1
Stealth        | |  2.1
Spellcasting   | |  2.0
Transmutations | |  1.3
Earth Magic    | |  2.4

Action                   || total
-------------------------++-------
Melee: Club              ||    10
       Unarmed           ||     6
       Short sword       ||    95
 Cast: Sandblast         ||     2
  Use: Scroll            ||     2
 Stab: Sleeping          ||     1
  Eat: Ration            ||     1
       Chunk             ||     1
Armor: Ring mail         ||    37
Dodge: Dodged            ||    46
